 Dungeon Crawl Stone Soup version 0.29.1-2-gbd0b4ee654 (webtiles) character file.

Game seed: 17578244092099878135

23 Zeld the Chopper (level 2, 0/27 HPs)
             Began as a Minotaur Berserker on Oct 24, 2022.
             Was a Follower of Trog.
             Succumbed to an adder's poison
             ... on level 2 of the Dungeon.
             The game lasted 00:01:37 (883 turns).

Zeld the Chopper (Minotaur Berserker)                Turns: 883, Time: 00:01:37

Health: 0/27       AC:  2    Str: 19 (21) XL:     2   Next: 72%
Magic:  1/1        EV: 12    Int:  2 (4)  God:    Trog [*.....]
Gold:   30         SH:  0    Dex:  7 (9)  Spells: 1/1 levels left

rFire   . . .      SeeInvis .   a - +0 hand axe
rCold   . . .      Faith    .   (no shield)
rNeg    . . .      Spirit   .   b - +0 animal skin
rPois   .          Reflect  .   (helmet restricted)
rElec   .          Harm     .   (no cloak)
rCorr   .          Rampage  .   (no gloves)
Will    .....      Clarity  +   (no boots)
Stlth   +.........              (no amulet)
HPRegen 0.09/turn               (no ring)
MPRegen 0.07/turn               (no ring)

@: lethally poisoned (0 -> -3)
A: horns 2, retaliatory headbutt, clarity, deterioration 1, devolution 1
a: Renounce Religion, Berserk


You were on level 2 of the Dungeon.
You worshipped Trog.
Trog was aware of your devotion.
You visited 1 branch of the dungeon, and saw 2 of its levels.

You collected 30 gold pieces.

Inventory:

Hand Weapons
 a - a +0 hand axe (weapon)
Armour
 b - a +0 animal skin (worn)
Scrolls
 d - a scroll of enchant weapon {unknown}
 e - a scroll of amnesia {unknown}
 f - 2 scrolls of identify {unknown}
Potions
 c - a potion of mutation
 g - a potion of attraction {unknown}
 h - a potion of degeneration
 i - a potion of might {unknown}
 j - a potion of lignification {unknown}


   Skills:
 + Level 3.9 Fighting
 * Level 4.2 Axes
 + Level 2.8 Armour
 + Level 2.5 Dodging


You had one spell level left.
You didn't know any spells.
Your spell library was empty.

Dungeon Overview and Level Annotations

Branches:
Dungeon (2/15)

Altars:


Innate Abilities, Weirdness & Mutations

You have a pair of horns on your head.
You reflexively headbutt those who attack you in melee.
You possess an exceptional clarity of mind.
Your body sometimes deteriorates upon taking damage.
You have hidden genetic defects.


Message History

The adder barely misses you.
You closely miss the adder. The adder bites you but does no damage.
The adder bites you.
You are poisoned.
The adder poisons you!
You barely miss the adder.
You feel sick. The adder barely misses you.
You closely miss the adder.
You feel sick. The adder bites you. The adder barely misses you.
An adder is nearby!
You are too injured to fight recklessly!
You closely miss the adder. Your headbutt misses the adder.
You feel sick. The adder closely misses you.
You feel sick. The adder bites you but does no damage.
You closely miss the adder. You headbutt the adder.
The adder is moderately wounded.
You feel sick. The adder closely misses you.
You miss the adder. Your headbutt misses the adder.
The adder is moderately wounded.
You feel sick.
You are no longer poisoned.
The adder barely misses you.
You hit the adder but do no damage.
The adder is moderately wounded.
The adder bites you.
* * * LOW HITPOINT WARNING * * *
You are poisoned.
The adder poisons you! The adder bites you.
* * * LOW HITPOINT WARNING * * *
Okay, then.
It was a potion of degeneration.
There was something very wrong with that liquid.
You feel weakened.
You feel dopey.
You feel clumsy.
* * * LOW HITPOINT WARNING * * *
You feel sick. The adder bites you.
* * * LOW HITPOINT WARNING * * *
Unknown command.
It was a potion of mutation.
You feel extremely strange.
You feel a hidden malignance growing inside you.
Your thoughts seem clearer.
You feel yourself wasting away.
You die...

#..<.......#
#.########.# #
#.##
#..#########
###.#.........
..###†##.###.
###.#.†...#
#...###.# #.#@#
#.....# #.#S#
#######
..............#
......#.#####.#
#.#####.# #.#
#.. ... ...


You could see an adder.

Vanquished Creatures
  A worm (D:2)
  3 endoplasms (D:1)
  2 giant cockroaches (D:1)
  A hobgoblin (D:1)
  2 quokkas (D:1)
  4 bats
  2 frilled lizards
  2 kobolds (D:1)
  2 rats (D:1)
19 creatures vanquished.

Notes
Turn   | Place    | Note
-------+----------+-------------------------------------------
     0 | D:1      | Zeld the Minotaur Berserker began the quest for the Orb.
     0 | D:1      | Reached XP level 1. HP: 19/19 MP: 0/0
   271 | D:1      | Reached XP level 2. HP: 24/27 MP: 1/1
   273 | D:1      | Reached skill level 4 in Axes
   678 | D:1      | Found a faded altar of an unknown god.
   882 | D:2      | HP: 1/27 [adder (2)]
   883 | D:2      | Gained mutation: You have hidden genetic defects. [potion
                  | of mutation]
   883 | D:2      | Gained mutation: You possess an exceptional clarity of
                  | mind. [potion of mutation]
   883 | D:2      | Gained mutation: Your body sometimes deteriorates upon
                  | taking damage. [potion of mutation]
   883 | D:2      | Succumbed to an adder's poison

Illustrated notes

Levels and vault maps discovered:
D:1:      scummos_arrival_checkerplants, layout_loops_ring,
          shapermc_ecumenical_altar_mp_vishouse
D:2:      layout_loops_ring

Skill      XL: |  1  2 |
---------------+-------+-----
Axes           | 4 |  4.2
Fighting       | |  3.9
Armour         | |  2.8
Dodging        | |  2.5

Action                   || total
-------------------------++-------
Melee: Hand axe          ||    46
       Headbutt          ||     8
  Use: Potion            ||     2
Armor: Animal skin       ||    18
Dodge: Dodged            ||    53
